 Dungeon Crawl Stone Soup version 0.25-a0-645-gb4487340cb (webtiles) character file.

Game seed: 6302855678697714935, levelgen mode: deterministic

157 ReteAZ the Skirmisher (level 5, -5/43 HPs)
             Began as a Barachi Fighter on Mar 21, 2020.
             Slain by an orc
             ... wielding a +0 trident
              (7 damage)
             ... on level 4 of the Dungeon.
             The game lasted 00:02:31 (1509 turns).

ReteAZ the Skirmisher (Barachi Fighter)             Turns: 1509, Time: 00:02:32

Health: -5/43      AC:  7    Str: 18    XL:     5   Next: 38%
Magic:  5/5        EV:  7    Int:  8    God:
Gold:   96         SH:  9    Dex: 12    Spells: 4/4 levels left

rFire    . . .     SeeInvis .   a - +0 long sword
rCold    . . .     Gourm    .   c - +0 kite shield
rNeg     . . .     Faith    .   b - +0 scale mail
rPois    .         Spirit   .   (no helmet)
rElec    .         Reflect  .   (no cloak)
rCorr    .         Harm     .   (no gloves)
MR       .....                  (no boots)
Stlth    ..........             (no amulet)
HPRegen  0.14/turn              (no ring)
MPRegen  0.09/turn              (no ring)

@: stab, slow
A: +LOS, swims, slowness 1, strong legs 1
a: Hop


You were on level 4 of the Dungeon.
You were not hungry.

You visited 1 branch of the dungeon, and saw 3 of its levels.

You collected 96 gold pieces.

Inventory:

Hand Weapons
 a - a +0 long sword (weapon)
Armour
 b - a +0 scale mail (worn)
 c - a +0 kite shield (worn)
Scrolls
 e - 3 scrolls of remove curse {unknown}
 h - 3 scrolls of teleportation {unknown}
 i - 2 scrolls of enchant armour {unknown}
 l - a scroll of fog {unknown}
 m - a scroll of amnesia {unknown}
 n - a scroll of enchant weapon {unknown}
 o - 3 scrolls of identify {unknown}
 p - a scroll of magic mapping {unknown}
Potions
 d - a potion of might
 k - a potion of haste {unknown}
Comestibles
 f - 4 rations
 g - 3 chunks of flesh


   Skills:
 + Level 4.5 Fighting
 * Level 4.5 Long Blades
 + Level 4.5 Armour
 + Level 4.1 Shields


You had 4 spell levels left.
You didn't know any spells.
Your spell library was empty.

Dungeon Overview and Level Annotations

Branches:
Dungeon (2/15)

Altars:
Xom

Shops:
D:4 ([


Innate Abilities, Weirdness & Mutations

You can be seen from farther away. (+LOS)
You can swim through water.
You cover ground slowly.
You can hop short distances.


Message History

You slash something! You block the orc's attack. Something hits you.
* * * LOW HITPOINT WARNING * * *
You miss something. You block the orc's attack.
You hear some strange, mumbled words.
Something tries to affect you, but you resist.
You miss something. The orc hits you but does no damage.
Something hits you but does no damage.
You barely miss something. Something hits you.
* * * LOW HITPOINT WARNING * * *
The orc barely misses you. Something hits you.
* * * LOW HITPOINT WARNING * * *
You closely miss something. The orc closely misses you.
You hear some strange, mumbled words.
A magic dart appears from out of thin air!
The magic dart hits you.
* * * LOW HITPOINT WARNING * * *
It was a potion of stabbing.
You feel ready to backstab.
The orc hits you from afar with a +0 trident!
You die...

#! .# .. .# . ∩ .#. ...
#o# #o# #{# #@# #.# #.#
###)##### #.......###
########.#.#.....#
#................########
#.#####8.8.8............#
#.# #.⌠.⌠......######.#


You could see 2 orcs.

Vanquished Creatures
  An ogre (D:4)
  2 adders (D:4)
  An adder skeleton (D:4)
  3 worms (D:2)
  2 dart slugs (D:1)
  2 leopard geckos
  An orc (D:4)
  2 bats (D:1)
  7 goblins
  4 hobgoblins (D:1)
  4 kobolds (D:1)
  A ball python (D:1)
  3 frilled lizards
  3 rats
36 creatures vanquished.

Notes
Turn   | Place    | Note
-------+----------+-------------------------------------------
     0 | D:1      | ReteAZ the Barachi Fighter began the quest for the Orb.
     0 | D:1      | Reached XP level 1. HP: 18/18 MP: 1/1
   104 | D:1      | Reached XP level 2. HP: 24/25 MP: 2/2
   515 | D:1      | Reached XP level 3. HP: 30/30 MP: 3/3
  1190 | D:2      | You fall into a shaft and drop 2 floors!
  1240 | D:4      | Found a shimmering altar of Xom.
  1244 | D:4      | Noticed an ogre
  1267 | D:4      | Killed an ogre
  1267 | D:4      | Reached XP level 4. HP: 34/38 MP: 4/4
  1267 | D:4      | Reached XP level 5. HP: 38/43 MP: 5/5
  1373 | D:4      | Found Woas's Weapon Emporium.
  1475 | D:4      | Found Suheogg's Armour Boutique.
  1508 | D:4      | HP: 2/43 [something/magic dart (6)]
  1509 | D:4      | Slain by an orc

Levels and vault maps discovered:
D:1:      zelgadis_glass_arrival_small, layout_loops_ring
D:2:      layout_basic, serial_bayou, serial_bayou_lagoon_a,
          serial_bayou_shore_b, serial_bayou_pond_e, serial_bayou_lagoon_b,
          kennysheep_small_spiral, minmay_misc_feat_four_crosses,
          kennysheep_boxes
D:4:      layout_loops_corners, minmay_temple_entry_wispy, serial_shops,
          nicolae_shop_crystal, shop,
          nicolae_shop_temple_entry_statues_fountains,
          nicolae_shop_temple_entry_statues_fountains, nicolae_shop_waterfront,
          first_ration, xom_teletrap_fun

Skill      XL: |  1  2  3 |
---------------+----------+-----
Long Blades    | 3 4 |  4.5
Fighting       | 4 |  4.5
Armour         | 4 |  4.5
Shields        | 4 |  4.1

Action                   |  1- 3 |  4- 6 || total
-------------------------+-------+-------++-------
Melee: Long sword        |   134 |    28 ||   162
  Use: Potion            |     1 |     1 ||     2
  Eat: Chunk             |     2 |     1 ||     3
Armor: Scale mail        |    42 |    16 ||    58
Dodge: Dodged            |    35 |     7 ||    42
Block: Kite shield       |    60 |    14 ||    74
       Rpst.: Long sword |    10 |       ||    10

Table legend:
 A = Non-vault XP
 B = Vault XP
 C = Vault XP percentage of total XP
 D = Non-vault monster count
 E = Vault monster count
 F = Vault count percentage of total count
                 A         B        C        D         E       F
            +---------+---------+-------+---------+---------+-------
      Total |     225 |       0 |   0.0 |      36 |       0 |   0.0
            +---------+---------+-------+---------+---------+-------
        D:1 |      39 |       0 |   0.0 |      21 |       0 |   0.0
        D:2 |      26 |       0 |   0.0 |       9 |       0 |   0.0
        D:4 |     160 |       0 |   0.0 |       6 |       0 |   0.0
            +---------+---------+-------+---------+---------+-------
